[Event "Titled Tuesday Blitz December 27 Late 2022"]
[White "Hoffmann, Asa"]
[Black "Sukandar, Irine Kharisma"]
[WhiteFideId "2001470"]
[BlackFideId "7101937"]
[WhiteElo "2185"]
[BlackElo "2390"]
[Result "0-1"]
[Round "04"]
[TimeControl "180+2"]
[Date "2022.12.27"]
[WhiteClock "0:00:02"]
[BlackClock "0:00:19"]

1. d4 Nf6 2. Bg5 Ne4 3. Bf4 h5 4. f3 Nf6 5. e4 d6 6. Nc3 g6 7. e5 Nfd7 8. e6 fxe6 9. Bd3 Rg8 10. Qe2 Nf6 11. Nh3 Nc6 12. Be3 e5 13. dxe5 Nxe5 14. Bb5+ c6 15. Ba4 Bxh3 16. gxh3 Qa5 17. Bb3 d5 18. f4 Ned7 19. O-O-O O-O-O 20. Bd4 Bh6 21. Rhf1 Rde8 22. Kb1 e6 23. a3 c5 24. Be5 Nxe5 25. fxe5 Nd7 26. Ba4 Ref8 27. Bxd7+ Kxd7 28. Ne4 Rxf1 29. Qxf1 Rf8 30. Qg2 Bf4 31. Qxg6 Bxe5 32. Qxh5 Rf5 33. Rxd5+ Kc6 34. Qxf5 exf5 35. Rxc5+ Qxc5 36. Nxc5 Kxc5 37. h4 Bxh2 38. h5 f4 39. Kc1 f3 40. Kd2 Kd4 41. Ke1 Ke3 42. Kf1 Be5 43. c3 a5 44. a4 Bf6 45. h6 Be5 46. h7 Bf6 47. b4 Bxc3 48. bxa5 Bf6 49. a6 bxa6 50. a5 Be5 0-1


[Site "https://www.chess.com"]

[Event "Titled Tuesday Blitz December 27 Late 2022"]
[White "Holt, Conrad"]
[Black "gshwbedhkhd"]
[WhiteFideId "2034387"]
[WhiteElo "2540"]
[BlackElo "2538"]
[Result "1-0"]
[Round "04"]
[TimeControl "180+2"]
[Date "2022.12.27"]
[WhiteClock "0:01:55"]
[BlackClock "0:01:09"]

1. d4 f5 2. g3 Nf6 3. Bg2 g6 4. Nh3 Bg7 5. O-O d6 6. Nc3 Nc6 7. d5 Ne5 8. Nf4 O-O 9. Re1 c6 10. a4 cxd5 11. Ncxd5 e6 12. Nxf6+ Bxf6 13. a5 d5 14. a6 bxa6 15. Nxd5 exd5 16. Bxd5+ Kg7 17. Bxa8 Qb6 18. Be3 Qc7 19. Bg2 Rd8 20. Qc1 Nc4 21. c3 Qb8 22. Bd4 Bxd4 23. cxd4 Rxd4 24. Qc3 Qe5 25. e3 Rg4 26. h3 Qxc3 27. bxc3 Rg5 28. Ra4 1-0


[Site "https://www.chess.com"]

[Event "Titled Tuesday Blitz December 27 Late 2022"]
[White "Itkis, Boris"]
[Black "Ladan, Nicholas"]
[WhiteFideId "1209167"]
[BlackFideId "30918855"]
[WhiteElo "2329"]
[BlackElo "2228"]
[Result "0-1"]
[Round "04"]
[TimeControl "180+2"]
[Date "2022.12.27"]
[WhiteClock "0:00:03"]
[BlackClock "0:00:16"]

1. e4 e5 2. Nf3 Nc6 3. Nc3 Nf6 4. Bb5 Nd4 5. O-O Bc5 6. Nxe5 Nxb5 7. Nxb5 Nxe4 8. Qe2 Nxf2 9. Nc6+ Ne4+ 10. d4 dxc6 11. Qxe4+ Be6 12. dxc5 cxb5 13. Qxb7 O-O 14. Qe4 Bd5 15. Qf4 c6 16. Bd2 Re8 17. Rf2 Re4 18. Qg3 Qh4 19. Qxh4 Rxh4 20. Bc3 Re8 21. b3 Rhe4 22. h3 f6 23. Kh2 Kf7 24. Rd1 h5 25. Rdd2 Re3 26. Bd4 Re1 27. a3 Rc1 28. b4 Ree1 29. Kg3 Re4 30. c3 h4+ 31. Kh2 Ree1 0-1


[Site "https://www.chess.com"]

[Event "Titled Tuesday Blitz December 27 Late 2022"]
[White "Janaszak, Dawid"]
[Black "Wieczorek, Zbigniew"]
[WhiteFideId "1119206"]
[BlackFideId "1102001"]
[WhiteElo "2316"]
[BlackElo "2150"]
[Result "1-0"]
[Round "04"]
[TimeControl "180+2"]
[Date "2022.12.27"]
[WhiteClock "0:00:54"]
[BlackClock "0:00:03"]

1. e4 g6 2. Nc3 Bg7 3. h4 h5 4. Bc4 c6 5. d4 d5 6. exd5 b5 7. Bb3 b4 8. Nce2 cxd5 9. Nf3 Nf6 10. Bg5 O-O 11. Ne5 a5 12. c3 Ba6 13. O-O a4 14. Bc2 a3 15. bxa3 Bxe2 16. Qxe2 bxc3 17. a4 Qc8 18. Rab1 Nc6 19. Rfd1 Nxe5 20. dxe5 Ng4 21. Rxd5 e6 22. Rdb5 Qc7 23. Bf4 Rfd8 24. g3 Rd4 25. Qf3 Rad8 26. Rb7 Qc5 27. Be3 R4d7 28. Bxc5 1-0


[Site "https://www.chess.com"]

[Event "Titled Tuesday Blitz December 27 Late 2022"]
[White "Jaracz, Pawel"]
[Black "Kravtsiv, Martyn"]
[WhiteFideId "1102222"]
[BlackFideId "14113147"]
[WhiteElo "2467"]
[BlackElo "2598"]
[Result "1-0"]
[Round "04"]
[TimeControl "180+2"]
[Date "2022.12.27"]
[WhiteClock "0:01:57"]
[BlackClock "0:00:44"]

1. e4 e5 2. Nf3 Nc6 3. Bb5 a6 4. Ba4 Nf6 5. d3 b5 6. Bb3 Be7 7. Bd2 O-O 8. Nc3 d6 9. h3 Na5 10. Nd5 Nxb3 11. Nxe7+ Qxe7 12. axb3 Bb7 13. c4 Nd7 14. g4 Nc5 15. Be3 Ne6 16. Qd2 Kh8 17. h4 c6 18. h5 d5 19. Nxe5 dxe4 20. d4 Rad8 21. Qc3 b4 22. Qd2 f6 23. Ng6+ hxg6 24. hxg6+ Kg8 25. f4 1-0


[Site "https://www.chess.com"]

[Event "Titled Tuesday Blitz December 27 Late 2022"]
[White "Jenkins, Drake"]
[Black "Koutlas, Nikolaos"]
[WhiteFideId "2022397"]
[BlackFideId "25827138"]
[WhiteElo "2130"]
[BlackElo "2341"]
[Result "0-1"]
[Round "04"]
[TimeControl "180+2"]
[Date "2022.12.27"]
[WhiteClock "0:00:01"]
[BlackClock "0:00:48"]

1. Nf3 c5 2. c4 Nc6 3. Nc3 g6 4. g3 Bg7 5. Bg2 e5 6. O-O Nge7 7. d3 O-O 8. Rb1 d6 9. a3 a5 10. Nd5 f5 11. Bg5 h6 12. Bxe7 Nxe7 13. Nd2 Kh7 14. b4 axb4 15. axb4 cxb4 16. Rxb4 Nc6 17. Rb1 Ra2 18. Nb4 Nxb4 19. Rxb4 Qa5 20. Qb3 Rxd2 21. Re1 Qa2 22. Qxa2 Rxa2 23. Bxb7 Bxb7 24. Rxb7 Kg8 25. Rd7 Ra6 26. Rb1 Rf7 27. Rb8+ Bf8 28. Rdd8 Kg7 29. f3 e4 30. Kf2 exd3 31. exd3 Ra2+ 32. Ke3 Rxh2 33. d4 g5 34. Kd3 Rf2 35. Ke3 Rg2 36. c5 dxc5 37. d5 Rxg3 38. Kf2 f4 39. d6 Rh3 40. Kg2 Rg3+ 41. Kf2 g4 42. fxg4 Rd3 43. d7 Rdxd7 0-1


[Site "https://www.chess.com"]

[Event "Titled Tuesday Blitz December 27 Late 2022"]
[White "Jimenez Fernandez, Rebeca"]
[Black "Can, Melih Kaan"]
[WhiteFideId "32070934"]
[BlackFideId "6317383"]
[WhiteElo "2069"]
[BlackElo "2069"]
[Result "0-1"]
[Round "04"]
[TimeControl "180+2"]
[Date "2022.12.27"]
[WhiteClock "0:00:01"]
[BlackClock "0:00:51"]

1. e4 e5 2. d4 exd4 3. Qxd4 Nc6 4. Qe3 Nf6 5. Nc3 Bb4 6. Bd2 O-O 7. O-O-O Re8 8. Bc4 Ne5 9. Bb3 a5 10. a3 Bf8 11. h3 a4 12. Ba2 b5 13. Nxb5 Rb8 14. Nd4 Ba6 15. Bc3 Bc4 16. Bb1 c5 17. Nf5 Qb6 18. f4 Ng6 19. Ng3 Nxe4 20. Nxe4 d5 21. Nf3 Rxe4 22. Qd2 d4 23. Nxd4 cxd4 24. Bxd4 Bc5 25. c3 Bxd4 26. Bxe4 Be3 27. Rhe1 Bxd2+ 28. Rxd2 Nxf4 29. Red1 g6 30. g3 Nd3+ 0-1


[Site "https://www.chess.com"]

[Event "Titled Tuesday Blitz December 27 Late 2022"]
[White "Kaasen, Tor Fredrik"]
[Black "Ozdemir, Serhan Berat"]
[WhiteFideId "1516647"]
[BlackFideId "6374611"]
[WhiteElo "2480"]
[BlackElo "2223"]
[Result "1-0"]
[Round "04"]
[TimeControl "180+2"]
[Date "2022.12.27"]
[WhiteClock "0:00:08"]
[BlackClock "0:00:03"]

1. e4 c5 2. Ne2 e6 3. d4 cxd4 4. Nxd4 a6 5. g3 Nf6 6. Bg2 d6 7. O-O Be7 8. b3 O-O 9. Bb2 Bd7 10. c4 Nc6 11. Nc3 Rc8 12. Re1 b5 13. cxb5 Nxd4 14. Qxd4 axb5 15. Bf1 e5 16. Qd2 Qb6 17. Rac1 b4 18. Nd5 Nxd5 19. Qxd5 Be6 20. Qd2 h6 21. Kg2 f5 22. exf5 Rxf5 23. Rxc8+ Bxc8 24. Bc4+ Kh8 25. Bd5 Bb7 26. Re2 Bg5 27. Qd3 Rf8 28. Qe4 Bxd5 29. Qxd5 Qa6 30. Qe4 Be7 31. Bc1 Bf6 32. Rc2 Rd8 33. Qxb4 d5 34. Bb2 d4 35. Qc4 Qa8+ 36. Qc6 Qa5 37. Qc4 Qe1 38. Re2 Qa5 39. Qd3 Qa8+ 40. f3 Qb8 41. h4 Rc8 42. Kh3 Qc7 43. g4 Qd7 44. Qf5 Qc6 45. g5 hxg5 46. hxg5 Be7 47. Kg4 Kg8 48. Rh2 Rc7 49. Qh7+ Kf7 50. Qh5+ Ke6 51. Qg6+ Kd5 52. Qe4+ Kd6 53. Qf5 Kd5 54. f4 Kd6 55. Qxe5+ Kd7 56. Qxd4+ Bd6 57. Rd2 1-0


[Site "https://www.chess.com"]

[Event "Titled Tuesday Blitz December 27 Late 2022"]
[White "Kamsky, Gata"]
[Black "Pershin, Denis"]
[WhiteFideId "2000024"]
[BlackFideId "24165506"]
[WhiteElo "2665"]
[BlackElo "2366"]
[Result "1-0"]
[Round "04"]
[TimeControl "180+2"]
[Date "2022.12.27"]
[WhiteClock "0:00:42"]
[BlackClock "0:00:03"]

1. d4 e6 2. Bf4 b6 3. e3 Bb7 4. Nd2 f5 5. a4 Nf6 6. a5 Be7 7. a6 Bc6 8. Ngf3 d6 9. h3 O-O 10. Bc4 Nd5 11. Bh2 Nd7 12. Qe2 N7f6 13. O-O Qd7 14. Rfe1 Rae8 15. c3 Bd8 16. Qd3 Kh8 17. b4 Ne4 18. b5 Ba8 19. Rac1 Nxd2 20. Nxd2 Nf6 21. f3 d5 22. Bb3 c6 23. Ba4 Bc7 24. Bxc7 Qxc7 25. c4 c5 26. dxc5 dxc4 27. cxb6 Qxb6 28. Nxc4 Qb8 29. Qd6 Nd5 30. b6 Kg8 31. Bxe8 Qxe8 32. b7 1-0


[Site "https://www.chess.com"]

[Event "Titled Tuesday Blitz December 27 Late 2022"]
[White "Karacsonyi, Gellert"]
[Black "Balakrishnan, Praveen"]
[WhiteFideId "764620"]
[BlackFideId "2064871"]
[WhiteElo "2385"]
[BlackElo "2529"]
[Result "1-0"]
[Round "04"]
[TimeControl "180+2"]
[Date "2022.12.27"]
[WhiteClock "0:00:47"]
[BlackClock "0:00:04"]

1. e4 c6 2. Nc3 d5 3. Nf3 Bg4 4. h3 Bxf3 5. Qxf3 e6 6. d4 dxe4 7. Nxe4 Qxd4 8. Bg5 Qxb2 9. Rd1 f6 10. Qd3 Be7 11. Bf4 Nh6 12. Nd6+ Kf8 13. Bxh6 gxh6 14. c3 Qxa2 15. Be2 Rg8 16. Qxh7 Bxd6 17. Rxd6 Qa1+ 18. Rd1 Qxc3+ 19. Kf1 Qa5 20. Bh5 Qb5+ 21. Kg1 Qxh5 22. Rd8+ Qe8 23. Rxe8+ Kxe8 24. Qxg8+ Kd7 25. Kh2 1-0


[Site "https://www.chess.com"]

[Event "Titled Tuesday Blitz December 27 Late 2022"]
[White "Karas, Marek"]
[Black "Kujawski, Adam"]
[WhiteFideId "14928558"]
[BlackFideId "1100920"]
[WhiteElo "2227"]
[BlackElo "2173"]
[Result "1-0"]
[Round "04"]
[TimeControl "180+2"]
[Date "2022.12.27"]
[WhiteClock "0:00:17"]
[BlackClock "0:00:09"]

1. h4 e5 2. c4 Nc6 3. Nc3 Bc5 4. e3 a5 5. b3 Nf6 6. g4 h5 7. g5 Ng8 8. Bg2 d6 9. Nge2 Nge7 10. Bb2 Bg4 11. Qb1 Qd7 12. Be4 O-O-O 13. f3 Be6 14. Nd5 Nb4 15. Nxe7+ Qxe7 16. a3 Na6 17. Nc3 c6 18. Bf5 d5 19. cxd5 cxd5 20. Qc2 Kb8 21. Nb5 e4 22. fxe4 Bxf5 23. exf5 Bxe3 24. O-O-O Rc8 25. Bc3 d4 26. dxe3 dxc3 27. Rhe1 Rc5 28. Qh2+ Ka8 29. Qd6 Qxd6 30. Nxd6 Rd8 31. e4 f6 32. g6 Re5 33. Nc4 Rxd1+ 34. Kxd1 Nc5 35. Nxe5 fxe5 36. f6 Nxb3 37. fxg7 Nd4 38. g8=Q+ Ka7 39. Qc4 1-0


[Site "https://www.chess.com"]

[Event "Titled Tuesday Blitz December 27 Late 2022"]
[White "Kavutskiy, Konstantin"]
[Black "Sadilek, Peter"]
[WhiteFideId "2026384"]
[BlackFideId "1616439"]
[WhiteElo "2414"]
[BlackElo "2314"]
[Result "1-0"]
[Round "04"]
[TimeControl "180+2"]
[Date "2022.12.27"]
[WhiteClock "0:00:04"]
[BlackClock "0:00:02"]

1. d4 e6 2. Nf3 c5 3. e4 cxd4 4. Nxd4 Nc6 5. Nc3 Nf6 6. Ndb5 Bb4 7. a3 Bxc3+ 8. Nxc3 d5 9. exd5 exd5 10. Bd3 O-O 11. O-O Bg4 12. f3 Bh5 13. Bg5 Bg6 14. Bxg6 hxg6 15. Bxf6 Qxf6 16. Qxd5 Rfd8 17. Qe4 Rd2 18. Rad1 Rad8 19. Rxd2 Rxd2 20. Rd1 Qg5 21. Rxd2 Qxd2 22. h3 Qc1+ 23. Kh2 Qxb2 24. Na4 Qxa3 25. h4 Qd6+ 26. Kh1 Qd1+ 27. Kh2 Qd6+ 28. Kh1 Qd4 29. Qxd4 Nxd4 30. c3 Nf5 31. Kg1 Nxh4 32. Kf2 Nf5 33. Nc5 b6 34. Na6 Kf8 35. Ke2 Ke7 36. g4 Nd6 37. Kd3 Kd7 38. Kd4 Kc6 39. Nb4+ Kb5 40. Nd5 Kc6 41. Nb4+ Kd7 42. Na6 Nb7 43. Kd5 Na5 44. Nb8+ Kc7 45. Na6+ Kb7 46. Nb4 Nb3 47. Kd6 a5 48. Nc2 Nd2 49. f4 Ne4+ 50. Ke7 Nxc3 51. Kxf7 Nd5 52. f5 gxf5 53. gxf5 b5 54. Kxg7 b4 55. Kf7 b3 56. Na3 Kc6 57. Ke6 a4 58. Ke5 Kc5 59. Ke6 b2 60. Nb1 Kd4 61. Na3 Nf4+ 62. Kf6 1-0


[Site "https://www.chess.com"]

[Event "Titled Tuesday Blitz December 27 Late 2022"]
[White "Kleiman, Jake"]
[Black "Silva, Miguel Antonio Neto"]
[WhiteFideId "2020041"]
[BlackFideId "1911929"]
[WhiteElo "2399"]
[BlackElo "2204"]
[Result "1/2-1/2"]
[Round "04"]
[TimeControl "180+2"]
[Date "2022.12.27"]
[WhiteClock "0:00:17"]
[BlackClock "0:00:14"]

1. e4 c5 2. c3 Nf6 3. e5 Nd5 4. Bc4 Nb6 5. Bb3 c4 6. Bc2 Nc6 7. Nf3 d5 8. exd6 e5 9. d4 cxd3 10. Qxd3 Qxd6 11. Qe2 Be7 12. Na3 Be6 13. O-O a6 14. Re1 f6 15. Be3 Nd5 16. Rad1 Qc7 17. Bb3 Rd8 18. Nc4 Nxe3 19. Nxe3 Bxb3 20. axb3 O-O 21. Nd5 Qb8 22. b4 Bd6 23. Nd2 Ne7 24. Nc4 Nxd5 25. Rxd5 Be7 26. Red1 Qc7 27. g3 Rxd5 28. Rxd5 Rd8 29. Qd3 g6 30. Ne3 Kg7 31. h4 h5 32. Qe4 Rxd5 33. Qxd5 b5 34. Kg2 f5 35. Qe6 Qd6 36. Qc8 f4 37. Nf1 Qd5+ 38. Kg1 fxg3 39. fxg3 Qf7 40. Qc6 Qf6 41. Qe4 Bd6 42. Kg2 Qf5 43. Nd2 Qxe4+ 44. Nxe4 Be7 45. Kf3 Kf7 46. Ke3 Ke6 47. b3 Kf5 48. Kf3 Ke6 49. Nd2 Kf5 50. Ne4 Ke6 51. Nf2 Kf5 52. Ke3 Bd8 53. Kf3 Be7 54. Ne4 1/2-1/2


[Site "https://www.chess.com"]

[Event "Titled Tuesday Blitz December 27 Late 2022"]
[White "Kleinman, Michael"]
[Black "Popilski, Gil"]
[WhiteFideId "2609479"]
[BlackFideId "2809060"]
[WhiteElo "2387"]
[BlackElo "2443"]
[Result "0-1"]
[Round "04"]
[TimeControl "180+2"]
[Date "2022.12.27"]
[WhiteClock "0:00:01"]
[BlackClock "0:00:10"]

1. e4 e5 2. Nf3 Nf6 3. Nxe5 d6 4. Nf3 Nxe4 5. d4 d5 6. Bd3 Bd6 7. O-O O-O 8. Re1 Bf5 9. c4 c6 10. Nc3 Nxc3 11. bxc3 Bxd3 12. Qxd3 dxc4 13. Qxc4 Nd7 14. a4 Qa5 15. Bd2 Rae8 16. Qb3 Qb6 17. Qc4 Qc7 18. h3 h6 19. a5 Rxe1+ 20. Nxe1 Re8 21. Nf3 c5 22. Be3 Rc8 23. Qd5 Nf6 24. Qf5 Qc6 25. Rb1 Nd5 26. Bd2 b5 27. axb6 Nxb6 28. dxc5 Bxc5 29. Ne5 Qd5 30. Be3 Bxe3 31. fxe3 Re8 32. e4 Qxe5 33. Qf3 Nc4 0-1


[Site "https://www.chess.com"]

[Event "Titled Tuesday Blitz December 27 Late 2022"]
[White "Kobo, Ori"]
[Black "Rodriguez Fontecha, Marcos"]
[WhiteFideId "2812320"]
[BlackFideId "2256576"]
[WhiteElo "2559"]
[BlackElo "2309"]
[Result "0-1"]
[Round "04"]
[TimeControl "180+2"]
[Date "2022.12.27"]
[WhiteClock "0:00:18"]
[BlackClock "0:01:24"]

1. d4 d5 2. c4 Nc6 3. Nc3 Nf6 4. Nf3 dxc4 5. Bg5 a6 6. d5 Na5 7. e4 c6 8. b4 cxb3 9. axb3 cxd5 10. exd5 Qb6 11. Rb1 e6 12. b4 Bxb4 13. Qa4+ Nc6 14. dxc6 Bxc3+ 15. Ke2 Qxc6 16. Qxc6+ bxc6 17. Rc1 Nd5 18. Bd2 Bb2 19. Rxc6 Bd7 20. Rc2 Bb5+ 21. Kd1 Ba4 22. Bd3 Rc8 0-1


[Site "https://www.chess.com"]

[Event "Titled Tuesday Blitz December 27 Late 2022"]
[White "Korchmar, Vasiliy"]
[Black "Gascon Del Nogal, Jose Rafael"]
[WhiteFideId "24131750"]
[BlackFideId "3902463"]
[WhiteElo "2438"]
[BlackElo "2459"]
[Result "1-0"]
[Round "04"]
[TimeControl "180+2"]
[Date "2022.12.27"]
[WhiteClock "0:00:47"]
[BlackClock "0:00:04"]

1. e4 c5 2. Nf3 d6 3. d4 cxd4 4. Nxd4 Nf6 5. Nc3 Nc6 6. Be2 e5 7. Nf3 h6 8. O-O Be7 9. h3 O-O 10. Re1 Be6 11. Bf1 Rc8 12. Nd5 Bxd5 13. exd5 Nb8 14. Be3 Nbd7 15. c4 Ne8 16. g4 e4 17. Nd2 f5 18. gxf5 Rxf5 19. Nxe4 Ne5 20. Be2 Bh4 21. c5 dxc5 22. d6 Nf6 23. Ng3 Bxg3 24. fxg3 Ned7 25. Qb3+ Kh8 26. Qxb7 Re5 27. Bf4 Rb8 28. Qc7 Re4 29. Qxd8+ Rxd8 30. Bf3 Rxe1+ 31. Rxe1 g5 32. Bd2 Ne8 33. Bc3+ Kg8 34. Bd5+ Kf8 35. Rf1+ 1-0


[Site "https://www.chess.com"]

[Event "Titled Tuesday Blitz December 27 Late 2022"]
[White "Kovacevic, Radmila"]
[Black "Vargas, Mauricio"]
[WhiteFideId "933171"]
[BlackFideId "4404572"]
[WhiteElo "2106"]
[BlackElo "2035"]
[Result "1-0"]
[Round "04"]
[TimeControl "180+2"]
[Date "2022.12.27"]
[WhiteClock "0:00:13"]
[BlackClock "0:00:02"]

1. e4 c6 2. d4 d5 3. exd5 cxd5 4. c4 Nc6 5. Nc3 Nf6 6. Bg5 Bf5 7. Bxf6 gxf6 8. cxd5 Nb8 9. g4 Bd7 10. Bc4 Bh6 11. h3 O-O 12. Bd3 Kh8 13. Qe2 Rg8 14. Qe4 Rg7 15. f4 Qc7 16. Nge2 Na6 17. a3 Re8 18. Rc1 Qb6 19. b4 f5 20. gxf5 f6 21. Kd2 Qd6 22. Rhg1 Reg8 23. Rxg7 Rxg7 24. Nb5 Qb6 25. Nbc3 Be8 26. Ke3 Bf7 27. Qxe7 Bg8 28. Qe4 Qd6 29. Nb5 Qd7 30. d6 Nb8 31. d5 a6 32. Nc7 Qxd6 33. Ne6 Nd7 34. Nxg7 Bxg7 35. Rc8 Bh6 36. Rxg8+ Kxg8 37. Qe6+ Qxe6+ 38. fxe6 Ne5 39. Bxh7+ Kxh7 40. e7 Nc4+ 41. Ke4 Nd6+ 42. Kd4 b6 43. Ng3 Kg8 44. Ke3 Kf7 45. Ne4 Nf5+ 46. Kf3 Kxe7 47. Kg4 1-0


[Site "https://www.chess.com"]

[Event "Titled Tuesday Blitz December 27 Late 2022"]
[White "Kozin, Yuri"]
[Black "marik_spb"]
[WhiteFideId "4129920"]
[WhiteElo "2251"]
[BlackElo "2448"]
[Result "1-0"]
[Round "04"]
[TimeControl "180+2"]
[Date "2022.12.27"]
[WhiteClock "0:00:12"]
[BlackClock "0:00:02"]

1. e4 c6 2. d4 d5 3. exd5 cxd5 4. c4 Nf6 5. Nc3 e6 6. Nf3 Bb4 7. cxd5 Nxd5 8. Bd2 Nc6 9. Bd3 O-O 10. O-O b6 11. Nxd5 Qxd5 12. Qc2 Bxd2 13. Bxh7+ Kh8 14. Be4 Nxd4 15. Nxd4 Qxd4 16. Bxa8 Bf4 17. Rad1 Qe5 18. g3 Bg5 19. f4 Qe3+ 20. Qf2 Qxf2+ 21. Rxf2 Bf6 22. Bc6 Ba6 23. a4 Bc4 24. Bb5 Bb3 25. Rdd2 Rc8 26. Kg2 Bd5+ 27. Kh3 Be4 28. Bd3 Bd5 29. Be2 a5 30. Bf3 Bb3 31. Rd3 Bxa4 32. Rfd2 Bb5 33. Rd6 Rb8 34. g4 g5 35. Kg3 gxf4+ 36. Kxf4 Kg7 37. g5 Be7 38. R6d4 Rh8 39. Kg3 Bxg5 40. Rg4 Kf6 41. Rc2 Be3 42. Bc6 Ba6 43. Rc3 Bd2 44. Rf3+ Ke7 45. Rd4 Rg8+ 46. Kf2 Bb4 47. Rd7+ Ke8 48. Ra7+ Kd8 49. Ra8+ Kc7 50. Rxg8 Kxc6 51. Rxf7 Bc5+ 52. Ke1 Bc4 53. Rc8+ Kb5 54. Rfc7 e5 55. h4 Bd4 56. Rxc4 Bxb2 57. Rc2 Bd4 58. h5 a4 59. Rd8 Ba1 60. h6 e4 61. Re8 Kb4 62. Rxe4+ Kb3 63. Rcc4 b5 64. Rb4+ Kc2 65. Rxb5 a3 66. Ra4 Bc3+ 67. Ke2 Bb2 68. h7 a2 69. Rxa2 Kc1 70. Ra6 Bc3 71. Rc6 Kc2 72. Rxc3+ Kxc3 73. h8=Q+ Kc2 74. Rb2+ Kc1 75. Qc3# 1-0


[Site "https://www.chess.com"]

[Event "Titled Tuesday Blitz December 27 Late 2022"]
[White "Krasteva, Beloslava"]
[Black "Zakarian, David"]
[WhiteFideId "2922029"]
[BlackFideId "13301276"]
[WhiteElo "2220"]
[BlackElo "2306"]
[Result "1-0"]
[Round "04"]
[TimeControl "180+2"]
[Date "2022.12.27"]
[WhiteClock "0:02:35"]
[BlackClock "0:02:30"]

1. c4 Nf6 2. Nc3 e6 3. e4 d5 4. e5 d4 5. exf6 dxc3 6. bxc3 Qxf6 7. Bd3 c5 8. Nf3 Nc6 9. O-O Bd6 10. Bc2 O-O 11. d4 Rd8 12. Bg5 1-0


[Site "https://www.chess.com"]

[Event "Titled Tuesday Blitz December 27 Late 2022"]
[White "Li, Hui"]
[Black "Kretchetov, Alexandre"]
[WhiteFideId "15400310"]
[BlackFideId "4124588"]
[WhiteElo "1963"]
[BlackElo "2195"]
[Result "0-1"]
[Round "04"]
[TimeControl "180+2"]
[Date "2022.12.27"]
[WhiteClock "0:00:52"]
[BlackClock "0:01:41"]

1. e4 e5 2. Nf3 Nc6 3. Bb5 g6 4. d4 exd4 5. Bg5 Be7 6. Bxe7 Qxe7 7. Bxc6 dxc6 8. Qxd4 Nf6 9. Nc3 Bg4 10. Ne5 Rd8 11. Qa4 Qxe5 12. f3 Bc8 13. Qxa7 Qd4 14. Qxd4 Rxd4 15. Ke2 Ke7 16. Rad1 Rxd1 17. Rxd1 Rd8 18. Rh1 Be6 19. a3 Nd7 20. Ke3 f5 21. h4 fxe4 22. Nxe4 Nf6 23. Ng5 h6 24. Nxe6 Kxe6 25. Re1 Kf7 26. Ra1 Nd5+ 27. Kf2 Nf4 28. g3 Ne6 29. Ke3 Nd4 30. Rc1 Nf5+ 31. Kf2 Rd2+ 32. Ke1 Rh2 33. Rd1 Rh1+ 0-1


[Site "https://www.chess.com"]

[Event "Titled Tuesday Blitz December 27 Late 2022"]
[White "Liu, Kelsey"]
[Black "Aung Thant Zin"]
[WhiteFideId "30944481"]
[BlackFideId "13000063"]
[WhiteElo "2065"]
[BlackElo "2268"]
[Result "1-0"]
[Round "04"]
[TimeControl "180+2"]
[Date "2022.12.27"]
[WhiteClock "0:00:18"]
[BlackClock "0:00:07"]

1. e4 c5 2. Nf3 Nc6 3. Bb5 e6 4. Bxc6 bxc6 5. d3 Ne7 6. Qe2 Ng6 7. h4 h6 8. h5 Ne7 9. Na3 d6 10. Bf4 e5 11. Bg3 Bg4 12. Nc4 Nc8 13. Qe3 Be7 14. Nh4 Be6 15. Nf5 Bf6 16. c3 Bxf5 17. exf5 Ne7 18. Qf3 Qd7 19. Kd2 O-O 20. Ne3 d5 21. Ng4 Bg5+ 22. Kc2 Nxf5 23. Nxe5 Qe6 24. Rae1 Nxg3 25. Qxg3 Rfe8 26. f4 Bf6 27. Ng4 Qd6 28. Nxh6+ Kf8 29. Nf5 Qd7 30. h6 Qxf5 31. h7 1-0


[Site "https://www.chess.com"]

[Event "Titled Tuesday Blitz December 27 Late 2022"]
[White "Martinez Ramirez, Lennis"]
[Black "Gatterer, Florian"]
[WhiteFideId "3509079"]
[BlackFideId "811688"]
[WhiteElo "2426"]
[BlackElo "2170"]
[Result "1-0"]
[Round "04"]
[TimeControl "180+2"]
[Date "2022.12.27"]
[WhiteClock "0:00:41"]
[BlackClock "0:00:07"]

1. c4 c6 2. d4 d5 3. Nf3 Nf6 4. e3 Bg4 5. Qb3 Qc7 6. Ne5 Be6 7. Nc3 dxc4 8. Bxc4 Bxc4 9. Qxc4 e6 10. O-O Nbd7 11. f4 Be7 12. Bd2 a6 13. Rac1 O-O 14. b4 Nxe5 15. fxe5 Ng4 16. h3 Nh6 17. Ne4 Qd7 18. Rf4 Qd5 19. Qc2 Nf5 20. g4 Nh4 21. Rcf1 Ng6 22. R4f3 Nh4 23. R3f2 Ng6 24. Be1 b6 25. g5 c5 26. bxc5 bxc5 27. Bc3 cxd4 28. Bxd4 Rac8 29. Nc3 Qc4 30. Qe4 Bb4 31. Ne2 Bc5 32. h4 Bxd4 33. exd4 Qc6 34. Qg4 Ne7 35. Ng3 Nd5 36. h5 Ne3 37. Qf4 Nxf1 38. Rxf1 Qc2 39. Ne4 Rc4 40. Nd6 Rc3 41. Nxf7 Qf5 42. Qxf5 exf5 43. e6 Re3 44. d5 Rxf7 45. exf7+ Kxf7 46. Rxf5+ Ke7 47. Kf2 Ra3 48. Re5+ Kd7 49. Rf5 Ke7 50. d6+ Kxd6 51. Rf7 Rxa2+ 52. Ke3 Ra3+ 53. Ke2 h6 54. Rxg7 hxg5 55. h6 Rh3 56. h7 a5 57. Kf2 a4 58. Kg2 Rh4 59. Kg3 a3 60. Rxg5 Rxh7 61. Ra5 Re7 62. Rxa3 Re5 63. Rd3+ Rd5 64. Rf3 Rf5 65. Rxf5 Ke6 66. Kf4 Kd6 67. Re5 1-0


[Site "https://www.chess.com"]

[Event "Titled Tuesday Blitz December 27 Late 2022"]
[White "Martinez Reyes, Pedro Ramon"]
[Black "Torres Dominguez, David"]
[WhiteFideId "3901807"]
[BlackFideId "2220857"]
[WhiteElo "2376"]
[BlackElo "1994"]
[Result "1/2-1/2"]
[Round "04"]
[TimeControl "180+2"]
[Date "2022.12.27"]
[WhiteClock "0:00:45"]
[BlackClock "0:00:03"]

1. d4 e5 2. dxe5 d6 3. g3 Nc6 4. Bg2 dxe5 5. Bxc6+ bxc6 6. Qxd8+ Kxd8 7. Nc3 Bb4 8. Bd2 f6 9. Ne4 Bxd2+ 10. Nxd2 Nh6 11. O-O-O Ke7 12. Ngf3 Ng4 13. Rhf1 a5 14. a4 Be6 15. b3 c5 16. c4 Rab8 17. Kc2 Nh6 18. Kc3 Rb6 19. Ne4 Rc6 20. Ne1 Bf5 21. Nd2 Bg6 22. f3 Nf5 23. Ng2 Rd8 24. Ne4 Nd4 25. e3 Nxf3 26. Rxd8 Kxd8 27. Nxc5 Rxc5 28. Rxf3 Be4 29. Rf2 Rc6 30. Rd2+ Rd6 31. Rxd6+ cxd6 32. Ne1 Kc7 33. Nd3 Bxd3 34. Kxd3 f5 35. Kc3 g5 36. b4 axb4+ 37. Kxb4 f4 38. exf4 exf4 39. gxf4 gxf4 40. Kc3 Kb6 41. Kd4 Ka5 42. Ke4 Kxa4 43. Kxf4 Kb4 44. h4 Kxc4 45. h5 d5 46. Kg5 d4 47. Kh6 d3 48. Kxh7 d2 49. h6 d1=Q 50. Kh8 Qd8+ 51. Kg7 Qe7+ 52. Kg8 Qg5+ 53. Kh7 Kd5 54. Kh8 Qd8+ 55. Kg7 Qe7+ 56. Kg6 Qe8+ 57. Kg7 Qe7+ 58. Kg6 Qe6+ 59. Kg7 Qg4+ 60. Kh8 Qd4+ 61. Kg8 Qg4+ 62. Kh8 Qg6 63. h7 Qe8+ 64. Kg7 Qe7+ 65. Kg8 Qxh7+ 66. Kxh7 1/2-1/2


[Site "https://www.chess.com"]

[Event "Titled Tuesday Blitz December 27 Late 2022"]
[White "Martinez, Shawn"]
[Black "Bettalli, Francesco"]
[WhiteFideId "2039770"]
[BlackFideId "2816453"]
[WhiteElo "1881"]
[BlackElo "2252"]
[Result "0-1"]
[Round "04"]
[TimeControl "180+2"]
[Date "2022.12.27"]
[WhiteClock "0:00:06"]
[BlackClock "0:00:53"]

1. e4 g6 2. d4 Bg7 3. Nc3 c6 4. Bg5 d5 5. e5 h5 6. Qd2 Nh6 7. O-O-O b5 8. Kb1 a5 9. Nf3 Bg4 10. Be2 Nd7 11. h3 Bxf3 12. Bxf3 Nb6 13. b3 b4 14. Ne2 Qc7 15. e6 fxe6 16. Nf4 Kf7 17. Rhe1 e5 18. dxe5 Bxe5 19. Qe3 Bf6 20. Qe6+ Kg7 21. Bxf6+ exf6 22. Qe7+ Qxe7 23. Rxe7+ Nf7 24. Ne6+ Kg8 25. Nd4 Rc8 26. Rde1 Ne5 27. Rb7 Nbd7 28. Nxc6 Nxc6 29. Bxd5+ Kf8 30. Rxd7 Ne5 31. Ra7 Rd8 32. Be6 g5 33. Rxa5 Rd2 34. f4 gxf4 35. Rf1 Ke7 36. Bf5 Rxg2 37. Ra7+ Kd6 38. Rd1+ Kc5 39. Be4 Re2 40. Bd3 Nxd3 41. Rxd3 Rg8 42. Ra5+ Kb6 43. Rf5 Rg1+ 44. Kb2 Ree1 45. c4 Re2+ 0-1


[Site "https://www.chess.com"]